Map: Automaton LE

Players

liquidthermy (uThermal) - Winner!

  • Race: Terran Terran
  • Spawn Location: 9:00

Rail

  • Race: Protoss Protoss
  • League: Grandmaster
  • Spawn Location: 3:00

Event: 2019 WCS Winter Europe

VOD

Have the link to the VOD?

Description

Time

  • Played on: Jan. 31, 2019, 12:29 p.m.
  • Length: 17:06

All games in this series

Show
View Real Time Build Order
Export as new Build Order

liquidthermy Terran - Winner!

Build Orders: Reaper Expand 

Get SALT Encoding   

  12  0:02  SCV  
  14  0:14  SCV  
  14  0:18  Supply Depot  
  14  0:26  SCV  
  15  0:39  SCV  
  15  0:41  Barracks  
  16  0:44  Refinery  
  16  0:51  SCV  
  17  1:03  SCV  
  18  1:16  SCV  
  19  1:28  Reaper, Orbital Command  
  20  1:41  Command Center  
  20  1:51  Supply Depot  
  20  1:53  SCV  
  21  2:00  Marine  
  22  2:05  SCV  
  23  2:09  Factory  
  23  2:16  Refinery  
  23  2:18  SCV  
  23  2:21  Barracks Reactor  
  24  2:30  SCV  
  25  2:42  SCV  
  25  2:49  Command Center  
  25  2:52  Factory Tech Lab  
  25  2:54  SCV  
  25  2:57  Marine x2  
  28  3:06  SCV  
  28  3:12  Siege Tank  
  31  3:18  Marine  
  31  3:20  Marine  
  31  3:28  Supply Depot  
  31  3:36  Starport  
  31  3:50  SCV, Cyclone, Marine  
  31  3:51  Marine  
  37  4:02  SCV, Orbital Command  
  38  4:12  Viking  
  38  4:14  SCV  
  41  4:20  Barracks Tech Lab  
  40  4:29  Bunker  
  40  4:32  Siege Tank  
  40  4:33  SCV  
  44  4:39  SCV  
  45  4:46  Marine x2  
  45  4:50  Barracks  
  47  4:58  SCV x2  
  49  5:05  Siege Tank  
  52  5:07  Marine  
  52  5:12  Marine  
  54  5:20  Barracks  
  54  5:22  Starport Reactor  
  54  5:29  Marine  
  54  5:30  Marine  
  54  5:35  Orbital Command  
  54  5:39  SCV, Stimpack  
  54  5:40  Marine  
  56  5:50  Siege Tank  
  59  5:57  Supply Depot, Marine  
  59  6:02  SCV  
  57  6:07  Starport Reactor  
  55  6:16  Marine  
  55  6:17  SCV  
  55  6:19  SCV  
  56  6:29  SCV  
  56  6:31  SCV  
  58  6:34  Marine  
  58  6:38  Siege Tank  
  62  6:40  Marine x2  
  62  6:41  SCV  
  62  6:44  SCV  
  62  6:45  Marine  
  67  6:53  SCV, Marine x2, Supply Depot  
  70  7:04  Command Center  
  70  7:14  SCV x2, Marine x2, Medivac x2, Supply Depot  
  78  7:17  Refinery  
  78  7:18  Refinery  
  78  7:20  Marine  
  78  7:24  Supply Depot  
  78  7:35  SCV x2, Marine x4  
  84  7:38  Supply Depot, Marine  
  85  7:45  Supply Depot  
  85  7:46  Siege Tank  
  85  7:48  SCV x2, Combat Shield  
  90  7:53  Marine x2  
  90  7:55  Marine  
  93  8:00  SCV, Medivac  
  93  8:03  SCV  
  93  8:04  Marine  
  98  8:12  SCV, Supply Depot  
  99  8:15  SCV  
  99  8:18  Siege Tank  
  103  8:23  Orbital Command  
  103  8:24  Marine  
  103  8:26  Marine  
  105  8:27  Marine  
  105  8:29  SCV  
  107  8:39  Engineering Bay  
  107  8:40  SCV, Engineering Bay  
  108  8:41  Marine  
  108  8:46  Orbital Command  
  109  8:50  Siege Tank  
  109  8:54  SCV  
  109  8:55  SCV  
  114  8:56  Factory, Marine x2  
  114  8:59  Marine  
  117  9:07  SCV  
  117  9:08  Terran Infantry Weapons Level 1, Terran Infantry Armor Level 1  
  117  9:09  SCV  
  118  9:12  Marine  
  118  9:14  Marine  
  119  9:20  SCV  
  119  9:22  SCV, Factory  
  119  9:23  Armory, SCV  
  122  9:26  Siege Tank  
  123  9:33  SCV, Marine  
  123  9:34  SCV  
  123  9:36  SCV  
  127  9:38  Marine  
  127  9:39  Refinery x2  
  127  9:40  Factory Tech Lab  
  127  9:45  SCV  
  129  9:46  SCV  
  129  9:47  Marine x2, Supply Depot  
  129  9:48  SCV  
  133  9:55  Supply Depot  
  133  9:59  Sensor Tower  
  133  10:02  Marine  
  133  10:08  Medivac, Marine x3  
  133  10:09  SCV  
  133  10:11  Siege Tank  
  141  10:16  Marine  
  141  10:17  SCV, Siege Tank, Factory Tech Lab  
  141  10:18  Terran Vehicle Weapons Level 1, Supply Depot  
  141  10:20  SCV, Marine  
  148  10:26  Marine  
  149  10:32  Supply Depot  
  149  10:34  Barracks  
  149  10:37  Barracks  
  149  10:39  Siege Tank, Marine x4  
  149  10:42  Supply Depot  
  156  10:44  Supply Depot, Marine  
  156  10:45  Supply Depot  
  157  10:53  Thor, Supply Depot  
  163  10:57  Marine x2  
  163  11:02  Supply Depot  
  163  11:03  Siege Tank, Marine x3  
  171  11:07  Terran Infantry Weapons Level 2  
  171  11:13  Terran Infantry Armor Level 2  
  171  11:15  Marine x2  
  173  11:20  Siege Tank  
  173  11:21  Marine x2  
  173  11:23  Marine  
  179  11:30  Marine x2  
  180  11:33  Marine  
  180  11:35  Siege Tank  
  180  11:38  Siege Tank  
  187  11:41  Marine  
  187  11:51  Marine  
  187  11:52  Siege Tank, Marine x2  
  193  11:57  Command Center, Barracks Reactor x2  
  193  12:08  Marine  
  193  12:10  Siege Tank  
  193  12:13  Marine  
  193  12:14  Marine  
  196  12:24  Siege Tank  
  196  12:26  Factory x2  
  196  12:27  Marine  
  200  12:49  Marine  
  198  12:59  Marine  
  198  13:04  Terran Vehicle Weapons Level 2  
  199  13:08  Armory  
  199  13:10  Marine  
  200  13:27  Terran Infantry Weapons Level 3  
  186  13:44  Siege Tank, Marine x3  
  186  13:47  Siege Tank, Marine x4  
  186  13:48  Marine x2  
  155  13:49  Siege Tank  
  155  13:51  SCV  
  148  13:56  Factory Tech Lab  
  148  13:57  Factory Tech Lab  
  148  13:58  Medivac  
  148  13:59  Medivac  
  148  14:00  Missile Turret  
  148  14:01  Bunker  
  148  14:02  Terran Vehicle And Ship Armor Level 1, Marine x3  
  145  14:03  Terran Infantry Armor Level 3  
  145  14:05  Marine x6  
  151  14:16  Siege Tank  
  154  14:19  Siege Tank  
  154  14:20  Marine x3  
  154  14:21  Siege Tank  
  154  14:22  Siege Tank  
  154  14:23  Marine x6  
  169  14:28  Medivac  
  169  14:29  Siege Tank  
  172  14:34  Planetary Fortress  
  172  14:37  Marine x2  
  172  14:38  Marine  
  175  14:41  SCV, Marine x6  
  177  14:48  Siege Tank  
  155  14:55  Marine x3  
  155  14:59  Marine  
  142  15:04  Siege Tank x2, Marine x2  
  142  15:05  Marine x2  
  133  15:13  Marine x2  
  129  15:14  Marine x2  
  129  15:16  Siege Tank  
  129  15:18  Siege Tank  
  132  15:22  Marine  
  132  15:23  SCV, Orbital Command  
  132  15:25  SCV  
  132  15:27  Marine x2  
  137  15:33  Marine x2  
  137  15:35  SCV, Marine x2  
  142  15:45  Siege Tank, Marine x2  
  142  15:47  SCV  
  147  15:52  Siege Tank  
  150  15:57  Siege Tank  
  150  15:59  Marine  
  150  16:00  SCV  
  150  16:02  SCV  
  156  16:08  SCV  
  155  16:12  Marine  
  155  16:13  Marine x2  
  155  16:17  SCV  
  158  16:19  Siege Tank  
  158  16:20  Siege Tank  
  158  16:21  Missile Turret  
  164  16:26  Siege Tank  
  164  16:28  Marine  
  164  16:29  Marine  
  159  16:33  Siege Tank  
  159  16:36  Marine  
  159  16:39  Marine  
  164  16:43  Marine  
Show
View Real Time Build Order
Export as new Build Order

Rail Protoss 

Build Orders: Blink Stalkers, Colossus Rush 

Get SALT Encoding   

  12  0:00  Probe  
  13  0:12  Probe  
  14  0:18  Pylon  
  14  0:24  Probe  
  15  0:32  Probe  
  15  0:38  Gateway  
  15  0:40  Probe  
  17  0:51  Probe  
  18  0:59  Assimilator, Pylon  
  18  1:03  Probe  
  19  1:15  Probe  
  19  1:17  Gateway  
  20  1:26  Cybernetics Core  
  20  1:32  Zealot  
  22  1:36  Probe  
  23  1:40  Assimilator  
  23  1:48  Probe  
  23  1:53  Stalker  
  24  1:55  Stalker  
  28  2:09  Probe  
  28  2:12  Pylon  
  28  2:13  Warp Gate  
  29  2:27  Stalker  
  31  2:31  Stalker  
  32  2:39  Probe  
  32  2:51  Probe  
  33  3:03  Stalker, Probe  
  36  3:13  Twilight Council  
  36  3:19  Probe  
  35  3:31  Probe  
  35  3:32  Gateway  
  36  3:38  Pylon  
  36  3:43  Blink  
  36  3:51  Robotics Facility  
  36  4:04  Stalker  
  36  4:09  Stalker  
  40  4:31  Observer  
  40  4:32  Nexus  
  41  4:44  Robotics Bay  
  41  4:52  Observer  
  41  4:53  Pylon  
  41  4:59  Probe  
  43  5:07  Gateway  
  43  5:11  Probe  
  44  5:22  Stalker  
  44  5:26  Colossus  
  43  5:30  Probe  
  44  5:42  Probe  
  51  5:52  Probe  
  51  5:54  Probe  
  53  6:04  Probe  
  53  6:06  Probe  
  55  6:15  Probe x2  
  55  6:18  Charge  
  57  6:19  Gateway  
  57  6:23  Probe  
  57  6:26  Probe  
  57  6:29  Extended Thermal Lance  
  57  6:32  Probe  
  59  6:38  Probe, Pylon  
  61  6:48  Probe  
  61  6:50  Probe  
  63  6:56  Colossus  
  69  7:02  Assimilator  
  69  7:03  Pylon  
  69  7:08  Stalker  
  71  7:11  Pylon  
  71  7:15  Gateway  
  71  7:28  Zealot x3, Sentry  
  79  7:32  Pylon  
  79  7:40  Pylon  
  79  7:42  Immortal  
  83  8:02  Zealot x4, Sentry  
  92  8:06  Pylon  
  92  8:10  Zealot  
  94  8:17  Pylon  
  94  8:19  Forge  
  94  8:42  Nexus  
  94  8:44  Assimilator  
  94  8:46  Sentry  
  96  8:49  Pylon  
  96  8:52  Observer  
  96  8:53  Stalker x2  
  96  8:55  Protoss Ground Weapons Level 1  
  101  8:57  Pylon  
  101  9:08  Probe  
  102  9:11  Stalker x2  
  106  9:19  Stalker  
  108  9:28  Probe  
  109  9:36  Stalker, Zealot x2  
  115  9:43  Warp Prism  
  117  9:47  Stalker  
  117  9:52  Stalker  
  121  9:54  Probe  
  121  9:57  Probe  
  123  10:01  Probe  
  123  10:03  Probe  
  123  10:05  Probe  
  125  10:09  Probe  
  125  10:11  Probe  
  125  10:13  Probe  
  127  10:15  Protoss Ground Armor Level 1  
  127  10:17  Protoss Ground Weapons Level 2  
  127  10:18  Probe  
  127  10:21  Probe, Disruptor  
  129  10:22  Forge  
  129  10:24  Probe  
  135  10:38  Stalker  
  135  10:39  Zealot x3  
  143  10:44  Pylon  
  143  10:54  Pylon  
  143  10:59  Pylon, Disruptor  
  146  11:04  Stalker, Zealot, Pylon  
  146  11:08  Stalker, Sentry  
  154  11:17  Nexus  
  154  11:23  Pylon  
  154  11:32  Stalker, Zealot  
  158  11:33  Probe  
  159  11:40  Immortal  
  159  11:42  Pylon  
  159  11:47  Gateway  
  163  11:53  Pylon  
  163  12:02  Pylon  
  163  12:06  Stalker, Zealot x4  
  173  12:10  Gateway  
  173  12:15  Pylon  
  173  12:19  Disruptor  
  176  12:27  Stalker x2, Sentry  
  182  12:30  Stalker, Zealot  
  186  12:37  Protoss Ground Armor Level 2  
  186  12:42  Stalker  
  184  12:50  Zealot x3  
  187  13:04  Zealot x3  
  192  13:14  Protoss Ground Weapons Level 3  
  192  13:15  Zealot x4  
  199  13:23  Pylon  
  199  13:40  Zealot x3  
  199  13:41  Zealot x4  
  155  13:51  Probe  
  155  13:53  Immortal  
  155  13:55  Probe  
  155  14:01  Zealot x5  
  155  14:02  Zealot x2  
  163  14:20  Zealot x4  
  163  14:25  Zealot  
  163  14:39  Zealot x6  
  113  14:58  Warp Prism  
  86  15:02  Zealot x2  
  86  15:03  Zealot x5  
  92  15:14  Nexus  
  68  15:28  Zealot x4, Sentry x2  
  74  15:29  Zealot  
  82  15:36  Immortal  
  86  15:47  Sentry  
  86  15:48  Stalker, Zealot  
  86  15:49  Zealot x2  
  96  15:51  Zealot  
  96  15:53  Sentry  
  98  16:00  Stalker  
  100  16:11  Zealot x3  
  100  16:12  Zealot  
  100  16:14  Zealot x2  
  112  16:25  Disruptor  
  112  16:26  Zealot  
  112  16:32  Zealot x3  
  115  16:40  Stalker, Zealot  
Tags
 
Add a new tag
Caveats
  • Supply blocks, unpowered buildings, or Contaminate may cause inaccurate times.
  • Supply counts are checked every 10 seconds.